Unix NetHack Version 5.0.0-0 post-release - last build Jul 11 2026 15:18:16 (a5a7a23833b1ad5d30b1c6e96a93a978492a6348,branch:main).

Game began 2026-07-11 04:56:15, ended 2026-07-12 21:11:26.

Brudee, lawful female human Rogue

     ------------                     ---------------
     |.....).(..+##                   |.............|
     |...%......| #                ###..............|
     |....*RB(..| ###             ##  |...........%.|
     |.)....@%..|   #   ----------#   -----------%---
     |.%...(&H..|   ### |........|#              #
     |[[(=...)$/|     # |...)....|#           ####
     ------------     ##-........|#          ##
                        |.........#        ###
                        |......+.|       --|--
                        |........|       |....##
                        ----------       |..<| ##
                                         |...|  #
                                         -----  ###   -----
                                                  ####|...|
                                                     #..`>|
                                                      --|--
                                                        ^
Brudee the Pilferer     St:25 Dx:16 Co:18 In:14 Wi:14 Ch:8  Lawful S:144872
Dlvl:18 $:0  HP:0(107) Pw:54(54) AC:-7 Xp:13/44740 T:19162  Burdened Stun

Latest messages:
 You hit the erinys!
 You hit the erinys!
 Your silver saber sears the erinys' flesh!
 The disenchanter hits!
 The ettin hits!
 The ettin hits again!
 The ettin knocks you back with a powerful blow!
 You bump into a disenchanter.
 The vampire bat bites!
 The vampire bat misses!
 The erinys hits!
 The erinys hits again!
 The erinys casts a spell at you!
 You feel as if you need some help.
 You feel a malignant aura surround you.
 The vampire bat bites!
 The vampire bat misses!
 You hit the erinys!
 You hit the erinys!
 Your silver saber sears the erinys' flesh!
 The disenchanter hits!
 The ettin misses!
 The ettin just misses!
 The vampire bat bites!
 The vampire bat bites again!
 The erinys hits!
 The erinys hits again!
 The erinys points at you, then curses.
 The vampire bat misses!
 The vampire bat misses!
 You hit the erinys!
 You hit the erinys!
 Your silver saber sears the erinys' flesh!
 The disenchanter hits!
 The ettin hits!
 The ettin knocks you back with a powerful strike!
 You bump into a disenchanter.
 You stagger...
 The ettin hits again!
 The vampire bat bites!
 The vampire bat misses!
 The erinys hits!
 The erinys hits again!
 The erinys casts a spell at you!
 You feel as if you need some help.
 You feel a malignant aura surround you.
 The vampire bat bites!
 You die...
 Do you want your possessions identified? [ynq] (y) y
 Do you want to see your attributes? [ynq] (y) q

Inventory:
 Amulets  ('"')
  W - an uncursed amulet of guarding (being worn)
  z - an uncursed amulet of magical breathing
  X - a cursed amulet of restful sleep
  D - an uncursed amulet of unchanging
 Weapons  (')')
  d - a +5 silver saber (wielded in left hand)
  m - the blessed rustproof +6 Stormbringer (wielded in right hand)
 Armor    ('[')
  M - a blessed +6 elven leather helm
  B - a cursed +0 helm of opposite alignment (being worn)
  r - a blessed +4 pair of gauntlets of power (being worn)
  Q - a blessed +3 pair of water walking boots
  f - a blessed fireproof +2 alchemy smock with text "Rat: The other white meat"
  w - an uncursed +3 cloak of magic resistance (being worn)
  J - a blessed +4 robe
  p - an uncursed greased rotproof +2 set of blue dragon scales (being worn)
 Scrolls  ('?')
  q - 9 uncursed scrolls of blank paper
  Z - 2 blessed scrolls of identify
 Spellbooks  ('+')
  U - an uncursed spellbook of drain life
  V - an uncursed spellbook of slow monster
 Potions  ('!')
  t - a potion of holy water
 Rings    ('=')
  c - an uncursed ring of cold resistance
  F - a blessed ring of free action
  g - an uncursed ring of hunger
  H - a blessed -1 ring of increase damage
  u - an uncursed ring of invisibility
  v - an uncursed ring of invisibility
  x - an uncursed ring of levitation
  o - an uncursed ring of polymorph
  l - an uncursed ring of polymorph control
  I - a blessed ring of protection from shape changers
  n - an uncursed ring of protection from shape changers
  j - an uncursed ring of shock resistance
  e - an uncursed ring of teleportation
  k - an uncursed ring of warning
 Wands    ('/')
  h - a wand of cancellation (0:3)
  A - a wand of light (0:12)
  L - a wand of magic missile (0:7)
  G - a cursed wand of magic missile (0:6)
  C - a cursed wand of magic missile (0:3)
  O - a wand of polymorph (0:3)
  P - a wand of secret door detection (0:15)
  E - a wand of slow monster (0:8)
 Tools    ('(')
  i - a blessed bag of holding containing 56 items
  R - an uncursed sack containing 1 item
  Y - a magic marker (1:4)
  y - a blessed +0 unicorn horn
 Gems/Stones  ('*')
  K - an uncursed luckstone
  S - an uncursed touchstone

Contents of the bag of holding:
  an uncursed amulet of guarding
  a +0 crossbow bolt
  12 blessed +4 daggers
  an uncursed +0 shield of reflection
  2 uncursed apples
  3 uncursed carrots
  12 uncursed food rations
  7 uncursed lumps of royal jelly
  3 uncursed tripe rations
  an uncursed tin of white unicorn meat
  an uncursed lizard corpse
  an uncursed lizard corpse
  4 uncursed scrolls of blank paper
  a blessed scroll of charging
  an uncursed scroll of destroy armor
  3 uncursed scrolls of earth
  an uncursed scroll of gold detection
  2 uncursed scrolls of magic mapping
  a blessed scroll of remove curse
  an uncursed scroll of remove curse
  a blessed scroll of scare monster
  an uncursed spellbook of cure sickness
  an uncursed spellbook of extra healing
  an uncursed potion of booze
  a blessed potion of extra healing
  2 uncursed potions of extra healing
  7 uncursed potions of fruit juice
  an uncursed potion of gain ability
  2 uncursed potions of gain energy
  3 uncursed potions of gain level
  a blessed potion of healing
  6 uncursed potions of healing
  an uncursed potion of invisibility
  an uncursed potion of oil
  a blessed potion of restore ability
  a blessed potion of speed
  2 uncursed potions of speed
  8 potions of holy water
  an uncursed ring of sustain ability
  a wand of cold (0:6)
  a wand of cold (0:3)
  a wand of fire (0:7)
  a wand of fire (0:3)
  a wand of speed monster (0:3)
  a wand of stasis (0:2)
  a wand of striking (0:5)
  a wand of striking (0:3)
  a wand of teleportation (0:5)
  a wand of teleportation (0:3)
  a wand of teleportation (0:2)
  an uncursed lock pick
  a blessed magic lamp
  a +0 pick-axe
  an uncursed black opal
  2 uncursed worthless pieces of white glass
  an uncursed flint stone

Contents of the sack:
  a blessed scroll of scare monster

Brudee the Rogue's attributes:

Background:
 You were a Pilferer, a level 13 female human Rogue.
 You were lawful, temporarily on a mission for Issek
 who was opposed by Mog (neutral) and Kos (chaotic).
 You were actually chaotic.
 You were right-handed.
 You were in the Dungeons of Doom, on level 18.
 You entered the dungeon 19162 turns ago.
 You had 44740 experience points, 35260 more were needed to attain level 14.
 Your score was 144872 before end-of-game adjustments.

Basics:
 You had 0 out of 107 hit points.
 You had all 54 energy points (spell power).
 Your armor class was -7.
 Your wallet was empty.
 Autopickup was off.

Final Characteristics:
 Your strength was 25 (base:18/01, innate limit:18/100).
 Your dexterity was 16 (peak:18, limit:18).
 Your constitution was 18 (limit:18).
 Your intelligence was 14 (limit:18).
 Your wisdom was 14 (limit:18).
 Your charisma was 8 (limit:18).

Final Status:
 You were stunned.
 You weren't hungry.
 You were burdened; movement was slightly slowed.
 You were wielding two weapons at once.
 You were skilled in broadsword and two weapons.
 Your two weapon skill was limited by being basic with saber.

Final Attributes:
 You were stridently aligned.
 You were magic-protected.
 You were sleep resistant.
 You were shock resistant.
 Your items were protected from electric shocks.
 You were poison resistant.
 You were level-drain resistant.
 You saw invisible.
 You were telepathic.
 You had automatic searching.
 You were stealthy.
 You had teleport control.
 You had a small defense bonus (+2).
 You were protected.
 You were very fast.
 You were extremely lucky.
 You had extra luck.
 Bad luck did not time out for you.
 Good luck did not time out for you.
 You are dead.

Miscellaneous:
 You didn't encounter any bones levels.
 Total elapsed playing time was 6 hours, 13 minutes and 58 seconds.

Major events:
 Turn
    1: Brudee the chaotic female human Rogue entered the dungeon
 1320: entered the Gnomish Mines
 1346: attained the rank of Cutpurse (level 3)
 2227: reached Mine Town
 2256: attained the rank of Rogue (level 6)
 5434: found Trollsbane in a shop
 6425: made her first wish - "blessed greased fixed +2 blue dragon scale mail", got "a greased blue dragon scale mail"
 8136: attained the rank of Pilferer (level 10)
 9841: acquired the Mines' End luckstone
10469: was bestowed with Stormbringer by Kos
11317: was bestowed with Orcrist by Kos
11743: entered Sokoban
11892: completed 1st Sokoban level
12124: completed 2nd Sokoban level
12403: completed 3rd Sokoban level
12925: completed 4th Sokoban level
13080: acquired the Sokoban bag of holding
14746: chose an elven dagger to be named "Sting"
15171: killed Juiblex
15997: killed Medusa
18625: killed Holmavik, the general store proprietrix
19162: killed by a vampire lady in bat form, while moving through the air

Spells:
 Name                 Level Category     Fail Retention
 magic missile          2   attack       100%   26%-50%
 levitation             4   escape       100%   26%-50%
 fireball               4   attack       100%   26%-50%
 cure sickness          3   healing      100%   26%-50%
 chain lightning        2   attack       100%  76%-100%
 extra healing          3   healing      100%  76%-100%
 remove curse           3   clerical     100%  76%-100%
 cure blindness         2   healing      100%  76%-100%

Skills:
 Fighting Skills
   bare handed combat [Unskilled]
   two weapon combat  [Skilled]
   riding             [Unskilled]
 Weapon Skills
   dagger             [Expert]
   knife              [Unskilled]
   short sword        [Basic]
   broadsword         [Skilled]
   long sword         [Unskilled]
   two-handed sword   [Unskilled]
   saber              [Basic]
   club               [Unskilled]
   mace               [Unskilled]
   morning star       [Unskilled]
   flail              [Unskilled]
   hammer             [Unskilled]
   polearms           [Unskilled]
   spear              [Unskilled]
   crossbow           [Unskilled]
   dart               [Unskilled]
   shuriken           [Unskilled]
 Spellcasting Skills
   divination spells  [Unskilled]
   escape spells      [Unskilled]
   matter spells      [Unskilled]

Voluntary challenges:
 Character rerolling was not enabled.
 You never genocided any monsters.
 You used 1 wish.
 You did not wish for any artifacts.
 You violated the special Sokoban rules once.
Achievements:
 You entered a shop.
 You entered the Gnomish Mines.
 You attained the rank of Cutpurse.
 You entered Minetown.
 You attained the rank of Rogue.
 You entered a temple.
 You attained the rank of Pilferer.
 You completed the Gnomish Mines.
 You entered Sokoban.
 You completed Sokoban.
 You defeated Medusa.

 The Dungeons of Doom: levels 1 to 29
    Level 1:
       A sink.
    Level 2:
       A sink.
    Level 3:
       A general store.
    Level 4:
       An armor shop.
       Stairs down to The Gnomish Mines.
    Level 5:
       A throne, a fountain.
    Level 6:
    Level 7:
       A fountain.
       Stairs up to Sokoban, level 6.
    Level 8:
       A fountain.
    Level 9:
       A fountain, a sink.
    Level 10:
    Level 11:
       A fountain.
    Level 12:
       Some fountains.
    Level 13:
       A grave.
       Summoned by the Master of Thieves.
    Level 14:
       A fountain.
    Level 15:
       A primitive area.
    Level 16:
       An altar, a throne, a fountain, a tree.
    Level 17:
    Level 18: <- You were here.
       An untended shop, an altar to Issek.
       Final resting place for
          you, killed by a vampire lady in bat form, while moving through the air.
    Level 19:
       A fountain.
    Level 20:
       A fountain.
    Level 21:
       A fountain, a grave.
    Level 22:
       Some fountains.
    Level 23:
    Level 24:
    Level 25:
       A fountain.
    Level 26:
    Level 27:
    Level 28:
    Level 29:
 The Gnomish Mines: levels 5 to 12
    Level 5:
    Level 6:
    Level 7:
       Many shops, a temple and an altar, some fountains, a sink.
    Level 8:
    Level 9:
    Level 10:
    Level 11:
    Level 12:
 Sokoban: levels 6 up to 3
    Level 3:
       Solved.
    Level 4:
       Solved.
    Level 5:
       Solved.
    Level 6:
       Solved.


Vanquished creatures:
    Juiblex
    Medusa
  a purple worm
  a silver dragon
  a minotaur
  a baluchitherium
  a displacer beast
  3 titanotheres
  a trapper
  a genetic engineer
  a vampire leader
  a shopkeeper
 an aligned cleric
  a lich
  5 water trolls
  2 lurkers above
  2 Aleaxes
  2 frost giants
  a golden naga
  4 black puddings
  a vampire
  2 lieutenants
  a watch captain
  a queen bee
  a winged gargoyle
  3 giant mimics
  a zruty
  2 ogre tyrants
  a rock troll
 an umber hulk
  a flesh golem
 an elven monarch
  a doppelganger
  4 large mimics
  3 wumpuses
  a baby purple worm
  2 couatls
  6 stalkers
  2 air elementals
  a fire elemental
 an earth elemental
  a water elemental
  a hill giant
  2 giant mummies
  a black naga
  a giant zombie
  9 sergeants
  6 small mimics
  3 xans
  2 ettin mummies
 16 trolls
  2 sasquatches
  a wood golem
  7 gelatinous cubes
  2 pyrolisks
  a freezing sphere
  a flaming sphere
  a shocking sphere
  3 large cats
  2 gargoyles
  5 dwarf rulers
  3 tengu
  3 ochre jellies
  a leocrotta
 an energy vortex
  a mountain centaur
  2 stone giants
  a human mummy
  2 red nagas
  4 pythons
  2 wraiths
  a carnivorous ape
  2 leather golems
  a Grey-elf
 22 soldiers
  4 watchmen
  2 amorous demons
  4 chameleons
  3 crocodiles
  2 giant beetles
  3 quivering blobs
  6 cockatrices
  5 wolves
  7 winter wolf cubs
  2 panthers
  6 gremlins
  a spotted jelly
  a leprechaun
  2 orc-captains
  4 iron piercers
  a mumak
  4 giant spiders
  5 scorpions
  2 horses
 an ice vortex
  3 black lights
  3 vampire bats
  a forest centaur
  9 gnome rulers
  2 orc mummies
  2 dwarf mummies
  2 ogres
  4 brown puddings
  3 rust monsters
  4 owlbears
  a gold golem
  a werewolf
  5 Green-elves
  2 giant eels
  7 lizards
  a chickatrice
  a dingo
  2 dogs
  3 jaguars
  a dwarf leader
  4 blue jellies
  2 gray unicorns
  4 dust vortices
  5 ravens
  7 plains centaurs
  2 gnome mummies
  2 snakes
  6 apes
  3 rope golems
  3 Woodland-elves
  a soldier ant
  3 fire ants
 33 bugbears
  2 imps
  3 quasits
  7 wood nymphs
  3 water nymphs
  4 mountain nymphs
  4 Mordor orcs
 19 Uruk-hai
  3 orc shamans
  2 rock piercers
  2 rock moles
  3 ponies
  4 fog clouds
  4 yellow lights
  3 shriekers
  4 violet fungi
 30 gnome leaders
  7 gnomish wizards
  2 kobold mummies
  a red naga hatchling
  5 gray oozes
 an elf zombie
  2 ghouls
  3 straw golems
  a paper golem
  a jellyfish
  a baby crocodile
 57 giant ants
  3 floating eyes
  2 kittens
 28 dwarves
  a homunculus
  4 kobold leaders
  6 kobold shamans
 35 hill orcs
  9 rothes
  2 rabid rats
  2 giant bats
  6 monkeys
  6 orc zombies
  a wererat
  2 werejackals
  7 iguanas
 41 killer bees
  3 acid blobs
  a coyote
  a gas spore
  6 hobbits
  5 large kobolds
 37 hobgoblins
  5 giant rats
  5 cave spiders
  3 brown molds
  5 yellow molds
  a red mold
 77 gnomes
  3 garter snakes
  3 gnome zombies
  6 geckos
 17 jackals
  3 foxes
  6 kobolds
 17 goblins
  6 sewer rats
 14 grid bugs
  6 lichens
 11 newts
953 creatures vanquished.

No species were genocided or became extinct.

Game over:
                       ----------
                      /          \
                     /    REST    \
                    /      IN      \
                   /     PEACE      \
                  /                  \
                  |      Brudee      |
                  |       0 Au       |
                  |   killed by a    |
                  | vampire lady in  |
                  |     bat form     |
                  |                  |
                  |       2026       |
                 *|     *  *  *      | *
        _________)/\\_//(\/(/\)/\//\/|_)_______

Goodbye Brudee the Rogue...

You died in The Dungeons of Doom on dungeon level 18 with 144872 points,
and 0 pieces of gold, after 19162 moves.
You were level 13 with a maximum of 107 hit points when you died.

